 Dungeon Crawl Stone Soup version 0.31.0-12-g77e489cdc1 (webtiles) character file.

Game seed: 1924167284359942684

422 bearlyready the Changeling (level 7, 0/48 HPs)
             Began as a Formicid Shapeshifter on Feb 11, 2024.
             Slain by an orc warrior
             ... wielding a +0 hand axe
              (8 damage)
             ... on level 4 of the Dungeon on Feb 12, 2024.
             The game lasted 00:05:11 (3289 turns).

bearlyready the Changeling (Formicid Shapeshifter)  Turns: 3289, Time: 00:05:11

Health: 0/48       AC: 10    Str: 20    XL:     7   Next: 17%
Magic:  7/7        EV:  6    Int: 10    God:
Gold:   567        SH:  0    Dex: 19    Spells: 6/6 levels left

rFire   . .          .
                       - Unarmed
rCold   . . .        (no shield)
rNeg    . . .        p - +0 plate armour
rPois   .            (helmet unavailable)
rElec   .            (cloak currently unavailable)
rCorr   .            (gloves currently unavailable)
SInv    +            (boots currently unavailable)
Will    .....        (no amulet) Stlth
                     C - +6 ring of dexterity
HPRegen 0.28/turn    (no ring)
MPRegen 0.10/turn

%: no passive effects
@: beast-form
A: beast (slay +3), permanent stasis, dig shafts and tunnels, antennae 3, four
strong arms
a: Dig, Shaft Self, Begin Untransformation


You were on level 4 of the Dungeon.
You were a hulking beast.
You visited 1 branch of the dungeon, and saw 5 of its levels.

You collected 567 gold pieces.

Inventory:

Missiles
 f - 22 stones
 i - 4 poisoned darts
 x - 3 boomerangs (quivered)
Armour
 a - a +0 animal skin
 b - a +1 hat
 e - a scarf of shadows
 p - a +0 plate armour (worn)
 u - the +0 robe of Estal {rF+ Regen+}
   (You found it on level 3 of the Dungeon)

   rF+:       It protects you from fire.
   Regen+:    It increases your rate of health regeneration.
 v - a +0 pair of gloves
Jewellery
 C - a +6 ring of dexterity (left hand)
Talismans
 c - a beast talisman
 d - a flux talisman
Wands
 w - a wand of flame (15)
Scrolls
 g - a scroll of butterflies {unknown}
 h - a scroll of blinking {unknown}
 j - a scroll of torment {unknown}
 l - a scroll of enchant armour {unknown}
 o - 2 scrolls of revelation {unknown}
 q - 2 scrolls of identify {unknown}
 s - 2 scrolls of teleportation {unknown}
 t - a scroll of immolation {unknown}
 y - a scroll of silence {unknown}
 A - a scroll of noise {unknown}
Potions
 k - 2 potions of might
 m - 4 potions of curing
 n - a potion of enlightenment {unknown}
 r - a potion of brilliance {unknown}
 z - a potion of mutation {unknown}
 B - a potion of berserk rage {unknown}


   Skills:
 - Level 1.2 Fighting
 - Level 3.0 Throwing
 - Level 1.8 Dodging
 + Level 5.2 Unarmed Combat
 + Level 5.3 Shapeshifting


You had 6 spell levels left.
You didn't know any spells.
Your spell library contained the following spells:

 Spells                   Type           Power      Damage    Failure   Level
 Necrotise                Necr           0%         1d4       100%        1
 Inner Flame              Hex/Fire       0%         N/A       100%        3
 Vampiric Draining        Necr           0%         2d6       100%        3
 Martyr's Knell           Necr/Summ      0%         N/A       100%        4
 Curse of Agony           Necr           0%         N/A       100%        5
 Irradiate                Conj/Alch      0%         3d11      100%        5
 Malign Gateway           Summ/Tloc      0%         N/A       100%        7
 Ignition                 Fire           0%         3d3       100%        8
 Shatter                  Erth           0%         3d5*      100%        9


Dungeon Overview and Level Annotations

Branches:
Dungeon (5/15)
 Temple: D:4-7

Altars:
Dithmenos
Vehumet

Shops:
D:3 (


Innate Abilities, Weirdness & Mutations

You are a hulking beast.
Your limbs bulge with bestial killing power. (Slay +3)
You cannot be hasted, slowed, berserked, paralysed or teleported.
You can dig through walls and to a lower floor.
You have a pair of large antennae on your head. (SInv)
Your four strong arms can wield two-handed weapons with a shield.


Message History

The orc warrior hits you with a +0 hand axe.
You hit the orc warrior but do no damage.
The orc warrior is lightly wounded.
The orc warrior closely misses you.
You hit the orc warrior.
You punch the orc warrior, but do no damage.
The orc warrior is moderately wounded.
The orc warrior hits you with a +0 hand axe!
You closely miss the orc warrior.
The orc warrior is moderately wounded.
The orc warrior hits you with a +0 hand axe.
You are too injured to fight recklessly!
You are too injured to fight recklessly!
You are too injured to fight recklessly!
You hit the orc warrior.
The orc warrior is moderately wounded.
The orc warrior completely misses you.
You hit the orc warrior but do no damage.
The orc warrior is moderately wounded.
The orc warrior hits you with a +0 hand axe.
You hit the orc warrior.
The orc warrior is heavily wounded.
The orc warrior hits you with a +0 hand axe!
You hit the orc warrior.
The orc warrior is severely wounded.
The orc warrior hits you with a +0 hand axe!
* * * LOW HITPOINT WARNING * * *
You hit the orc warrior.
The orc warrior is almost dead.
You hit the orc warrior.
The orc warrior is almost dead.
The orc warrior hits you with a +0 hand axe.
* * * LOW HITPOINT WARNING * * *
You hit the orc warrior.
The orc warrior is almost dead.
The orc warrior hits you but does no damage.
You hit the orc warrior but do no damage.
The orc warrior is almost dead.
The orc warrior hits you with a +0 hand axe!
You die...

#..###.....#.## ####
#...#....).#..####..#
##.....#......#......
##[.#..###........#... #..#####
#........#### #..#####
#...###.####.
####...##.###.....#)###..
#..#.....)#.#...........#
#......oh...............#
#.........#..............
####......#.[............
###.......................
##........................#
####.....PPP...PPP..........##
##.##....P..P...PP.P......####.
#........P.PP...P.PP.....## #..
#........PPPP...PPPP.....####..


You could see an orc warrior.

Vanquished Creatures
  A black bear (D:4)
  A gnoll bouda (D:4)
  2 hounds
  A sleepcap (D:3)
  An iguana (D:3)
  2 orc wizards (D:4)
  5 adders
  2 dart slugs
  2 ribbon worms (D:4)
  9 orcs
  10 ball pythons
  9 endoplasms
  3 giant cockroaches
  11 hobgoblins
  A jackal (D:4)
  3 quokkas
  A bat (D:1)
  4 frilled lizards
  5 goblins
  7 kobolds
  3 rats
83 creatures vanquished.

Notes
Turn   | Place    | Note
-------+----------+-------------------------------------------
     0 | D:1      | bearlyready the Formicid Shapeshifter began the quest for
                  | the Orb.
     0 | D:1      | Reached XP level 1. HP: 15/15 MP: 1/1
   135 | D:1      | Reached XP level 2. HP: 11/21 MP: 2/2
   395 | D:1      | Got the Grimoire of Earthen Creation
   869 | D:2      | Reached skill level 1 in Throwing
  1085 | D:2      | Reached XP level 3. HP: 26/26 MP: 3/3
  1289 | D:3      | Reached XP level 4. HP: 11/32 MP: 4/4
  1416 | D:3      | Found a radiant altar of Vehumet.
  1510 | D:3      | Found Boygez's Weapon Shoppe.
  1517 | D:3      | Reached XP level 5. HP: 37/37 MP: 5/5
  1528 | D:3      | Identified the +0 robe of Estal {rF+ Regen+}
  2489 | D:4      | Reached XP level 6. HP: 15/43 MP: 6/6
  2777 | D:4      | Noticed a black bear
  2800 | D:4      | Killed a black bear
  2801 | D:4      | Reached skill level 5 in Unarmed Combat
  2801 | D:4      | Reached skill level 5 in Shapeshifting
  2801 | D:4      | Reached XP level 7. HP: 41/48 MP: 7/7
  2977 | D:4      | Found a shadowy altar of Dithmenos.
  3269 | D:5      | Entered Level 5 of the Dungeon
  3289 | D:4      | Slain by an orc warrior

Illustrated notes

Levels and vault maps discovered:
D:1:      scummos_arrival_simple_crosswalls, layout_rooms,
          chequers_serial_rivers_micro_e, dreamdust_wishing_well,
          dreamdust_princess_corridor, chequers_serial_rivers_micro_e,
          st_stairs_14, hex_large, corexii_corridor_pit
D:2:      layout_basic
D:3:      minmay_spotlight, layout_loops_ring, vehumet_altar_wand_db,
          serial_shops, nicolae_shop_bloodbath_and_beyond, hellmonk_no_cap
D:4:      minmay_polygon_palace, layout_cave_pools, serial_park,
          serial_park_square2, serial_park_tiny_1, serial_park_tiny_1
D:5:      layout_basic, uniq_prince_ribbit1, uniq_menkaure

Skill      XL: |  1  2  3  4  5  6 |
---------------+-------------------+-----
Throwing       | 1 2 3 |  3.0
Shapeshifting  | 4 5 |  5.3
Unarmed Combat | 4 5 |  5.2
Fighting       | |  1.2
Dodging        | |  1.8

Action                     |  1- 3 |  4- 6 |  7- 9 || total
---------------------------+-------+-------+-------++-------
  Melee: Unarmed           |    58 |   145 |    40 ||   243
         Punch             |     1 |     6 |     1 ||     8
  Throw: Dart              |       |     4 |       ||     4
  Evoke: Wand              |       |     1 |       ||     1
    Use: Potion            |       |     3 |       ||     3
   Stab: Sleeping          |     1 |       |       ||     1
 Armour: Animal skin       |    16 |       |       ||    16
         Plate armour      |    13 |   151 |    26 ||   190
         Skin              |       |     5 |       ||     5
  Dodge: Dodged            |    29 |    52 |    14 ||    95
